 Dungeon Crawl Stone Soup version 0.30-a0-571-gdf30a72648 (webtiles) character file.

Game seed: 15406401198111996430

1057 SkeletonJelly the Chopper (level 8, -9/66 HPs)
             Began as a Minotaur Fighter on Dec 30, 2022.
             Was an Elder of Uskayaw.
             Mangled by an ice beast (10 damage)
             ... on level 5 of the Dungeon.
             The game lasted 00:07:22 (4387 turns).

SkeletonJelly the Chopper (Minotaur Fighter)        Turns: 4387, Time: 00:07:23

Health: -9/66      AC:  4    Str: 23    XL:     8   Next: 6%
Magic:  10/12      EV:  9    Int:  5    God:    Uskayaw [****..]
Gold:   253        SH:  4    Dex: 10    Spells: 7/7 levels left

rFire   . . .      SeeInvis .    a - +0 war axe
rCold   . . .      Faith    .    c - +0 buckler
rNeg    . . .      Spirit   .    b - +0 scale mail
rPois   .          Reflect  .    (helmet restricted)
rElec   .          Harm     .    (no cloak)
rCorr   .          Rampage  .    (no gloves)
Will    .....                    f - +0 pair of boots Stlth
                                 (no amulet)
HPRegen 0.31/turn                (no ring)
MPRegen 0.13/turn                (no ring)

@: mighty, corroded
A: horns 2, retaliatory headbutt
a: Renounce Religion, Stomp, Line Pass


You were on level 5 of the Dungeon.
You worshipped Uskayaw.
Uskayaw was noncommittal.
You visited 1 branch of the dungeon, and saw 5 of its levels.
You also visited: Sewer.

You collected 253 gold pieces.

Inventory:

Hand Weapons
 a - a +0 war axe (weapon)
 u - a +0 heavy flail
Missiles
 o - 17 poisoned darts
 t - 4 curare-tipped darts (quivered)
Armour
 b - a +0 scale mail (worn)
 c - a +0 buckler (worn)
 f - a +0 pair of boots (worn)
Scrolls
 g - 10 scrolls of identify
 j - 3 scrolls of noise
 m - 2 scrolls of fog {unknown}
 p - a scroll of brand weapon {unknown}
 v - a scroll of teleportation {unknown}
 w - a scroll of amnesia {unknown}
Potions
 d - 2 potions of might
 e - 2 potions of curing
 h - a potion of haste {unknown}
 i - a potion of degeneration {unknown}
 k - 2 potions of magic {unknown}
 l - a potion of brilliance {unknown}
 n - 2 potions of cancellation {unknown}
 q - 3 potions of resistance {unknown}
 s - 3 potions of invisibility {unknown}
 x - a potion of heal wounds {unknown}
 z - a potion of attraction {unknown}


   Skills:
 - Level 4.3 Fighting
 + Level 7.6 Axes
 - Level 3.6 Armour
 - Level 3.6 Shields
 + Level 6.8 Invocations


You had 7 spell levels left.
You didn't know any spells.
Your spell library contained the following spells:

 Spells                   Type           Power      Damage    Failure   Level
 Portal Projectile        Hex/Tloc       0%         N/A       99%         3
 Tukima's Dance           Hex            0%         N/A       99%         3
 Blade Hands              Tmut           0%         N/A       100%        5


Dungeon Overview and Level Annotations

Branches:
Dungeon (5/15)              Sewer (visited)
 Temple: D:4-7

Altars:
Elyvilon
Ru
Uskayaw
Vehumet

Annotations:
D:3 3 runed translucent doors, billz999's ghost, amateur GnHu


Innate Abilities, Weirdness & Mutations

You have a pair of horns on your head.
You reflexively headbutt those who attack you in melee.


Message History

You closely miss the ball python.
The ball python bites you but does no damage.
The ball python grabs you. The ball python constricts you.
You closely miss the ball python.
The ball python bites you but does no damage.
The ball python constricts you.
The ball python bites you but does no damage.
The ball python constricts you.
You closely miss the ball python.
The ball python bites you but does no damage.
The ball python constricts you.
You slash the ball python!
You kill the ball python!
No target in view!
No target in view!
No target in view!
No target in view!
A sourceless malevolence fills the Dungeon...
You fall into a shaft and drop 1 floor!
The shaft crumbles and collapses.
Found a stone staircase leading down.
Unknown command.
Unknown command.
Unknown command.
Duvessa and Dowan come into view.
Dowan is wielding a +1 dagger of protection.
Found a trident.
Dowan shouts!
Duvessa moves out of view.
Dowan gestures at Duvessa while chanting.
Duvessa seems to speed up.
Okay, then.
Aiming: Throw Flame
Press: ? - help, Shift-Dir - straight line, f - Dowan
Aim: Dowan, wielding a +1 dagger of protection and wearing a +0 robe (56% to hit)
The puff of flame hits Duvessa.
Duvessa is lightly wounded.
The now-empty wand crumbles to dust.
An ice beast comes into view.
You hit Duvessa but do no damage.
Duvessa is lightly wounded.
Duvessa hits you with a +0 rapier. x2
A water moccasin comes into view.
You take 6 damage, and have 53/59 hp.
You feel very mighty all of a sudden.
The water moccasin hisses angrily.
Duvessa hits you but does no damage.
A jelly comes into view.
The jelly quivers.
You hit Duvessa but do no damage. You headbutt Duvessa!
Duvessa is moderately wounded.
You block Duvessa's attack. Duvessa hits you with a +0 rapier.
You take 1 damage, and have 52/59 hp.
You slash Duvessa!
Duvessa is severely wounded.
You block Duvessa's attack. Duvessa barely misses you.
You can now pass through a line of other dancers.
You slash Duvessa!
You kill Duvessa!
Dowan screams, "No!
No!"
Dowan seems to find hidden reserves of power!
Dowan casts a spell at you. The shard of ice hits you!
Your Axes skill increases to level 7!
You take 15 damage, and have 38/59 hp.
MASSIVE DAMAGE!!
You hit Dowan. You headbutt Dowan.
Dowan is heavily wounded.
You slash the water moccasin! The water moccasin bites you.
Dowan points at you and mumbles some strange words.
The shard of ice hits you! The water moccasin barely misses you.
Dowan hits you with a +1 dagger of protection.
Uskayaw will force your foes to helplessly watch your dance.
Uskayaw prepares the audience for your solo!
You take 18 damage, and have 20/59 hp.
MASSIVE DAMAGE!!
The helpless Dowan fails to defend himself.
You slice Dowan!!
You kill Dowan!
The helpless water moccasin fails to defend itself.
You slash the water moccasin!
You kill the water moccasin!
Uskayaw will force your foes to share their pain.
Uskayaw links your audience in an emotional bond!
You have reached level 8!
You feel stronger.
You regained 3 hp, and now have 23/66 hp.
You barely miss the ice beast. Your headbutt misses the ice beast.
The jelly is no longer paralysed.
The ice beast barely misses you.
You slash the ice beast!
The ice beast is moderately wounded.
You completely miss the jelly. The jelly hits you. The acid corrodes you!
You are splashed with acid!
* * * LOW HITPOINT WARNING * * *
The ice beast hits you.
* * * LOW HITPOINT WARNING * * *
The ice beast freezes you.
* * * LOW HITPOINT WARNING * * *
The ice beast hits you.
* * * LOW HITPOINT WARNING * * *
The ice beast freezes you!
You die...

## #.. ....
#### .....
...#####
......##Y......
.....)J@...#
.....###.###
....####.###.#
...........>.#
#.#..####.####
# ..# ...# ...#
#..#


You could see an ice beast (pain bonded) and a jelly (pain bonded).

Vanquished Creatures
  Grinder (Sewer)
  2 water moccasins
  Duvessa (D:5)
  2 necrophages
  A scorpion (D:4)
  2 wights (Sewer)
  Dowan (D:5)
  A howler monkey (D:4)
  An orc wizard (D:4)
  3 adders
  A river rat (D:4)
  2 shadow imps (Sewer)
  2 ufetubi (Sewer)
  A worm (D:2)
  8 orcs
  8 bats
  4 endoplasms
  7 giant cockroaches
  3 goblins (D:4)
  7 hobgoblins
  4 jackals (D:3)
  18 kobolds
  3 quokkas
  7 ball pythons
  3 frilled lizards
  6 rats
99 creatures vanquished.

Notes
Turn   | Place    | Note
-------+----------+-------------------------------------------
     0 | D:1      | SkeletonJelly the Minotaur Fighter began the quest for the
                  | Orb.
     0 | D:1      | Reached XP level 1. HP: 19/19 MP: 0/0
   230 | D:1      | Found a faded altar of an unknown god.
   264 | D:1      | Reached skill level 3 in Axes
   619 | D:1      | Reached XP level 2. HP: 24/27 MP: 1/1
   872 | D:1      | Prayed at the altar of an unknown god.
   872 | D:1      | Became a worshipper of Elyvilon the Healer
   872 | D:1      | Reached * piety under Elyvilon
   996 | D:2      | Found a hide-covered altar of Uskayaw.
  1101 | D:2      | Reached XP level 3. HP: 23/33 MP: 2/2
  1104 | D:2      | Reached skill level 4 in Axes
  1391 | D:2      | Reached ** piety under Elyvilon
  1650 | D:2      | Fell from the grace of Elyvilon
  1650 | D:2      | Became a worshipper of Uskayaw the Reveller
  1761 | D:3      | Noticed billz999's ghost (amateur GnHu)
  1929 | D:3      | Reached * piety under Uskayaw
  1932 | D:3      | Reached ** piety under Uskayaw
  2172 | D:3      | Reached skill level 1 in Invocations
  2226 | D:3      | Found a runed translucent gate.
  2226 | D:3      | Found a runed translucent gate.
  2226 | D:3      | Found a runed translucent gate.
  2338 | D:3      | Reached XP level 4. HP: 40/40 MP: 3/3
  2842 | D:4      | Noticed a necrophage
  2846 | D:4      | Reached *** piety under Uskayaw
  2847 | D:4      | Reached **** piety under Uskayaw
  2850 | D:4      | Killed a necrophage
  2851 | D:4      | Reached XP level 5. HP: 40/46 MP: 3/5
  2887 | D:4      | Reached skill level 5 in Axes
  2941 | D:4      | Found a radiant altar of Vehumet.
  2967 | D:4      | Found a glowing drain.
  2982 | D:4      | Reached XP level 6. HP: 11/52 MP: 7/7
  2984 | Sewer    | Entered a sewer
  3359 | Sewer    | Found an ancient bone altar of Kikubaaqudgha.
  3495 | Sewer    | Noticed Grinder
  3500 | Sewer    | Paralysed by Grinder for 2 turns
  3508 | Sewer    | Killed Grinder
  3509 | Sewer    | Reached skill level 6 in Axes
  3509 | Sewer    | Reached skill level 5 in Invocations
  3509 | Sewer    | Reached XP level 7. HP: 34/59 MP: 8/10
  3813 | D:4      | Found a sacrificial altar of Ru.
  4373 | D:4      | You fall into a shaft and drop 1 floor!
  4373 | D:5      | Entered Level 5 of the Dungeon
  4376 | D:5      | Noticed Duvessa
  4376 | D:5      | Noticed Dowan
  4383 | D:5      | Killed Duvessa
  4384 | D:5      | Reached skill level 7 in Axes
  4385 | D:5      | Killed Dowan
  4386 | D:5      | Reached XP level 8. HP: 23/66 MP: 10/12
  4387 | D:5      | HP: 1/66 [ice beast (3)]
  4387 | D:5      | Mangled by an ice beast

Illustrated notes

Levels and vault maps discovered:
D:1:      dpeg_arrival_windows_large_door, layout_basic,
          chequers_ecumenical_altar_twisty
D:2:      layout_loops_cross, basic_altar
D:3:      layout_basic, gammafunk_ghost_split
D:4:      layout_basic, nicolae_vehumet_radiance, hangedman_ru_absence,
          cheibrodos_sewer_entry_sluice
D:5:      layout_loops_ring, mainiacjoe_overflow_tiny_flanked,
          jmf_multi_god_temple, mainiacjoe_overflow_small_starburst,
          mainiacjoe_overflow_surrounded_room, chequers_serial_rivers_micro_b,
          uniq_duvessa, uniq_blork_the_orc

Skill      XL: |  1  2  3  4  5  6  7 |
---------------+----------------------+-----
Axes           | 3 4 5 6 7 |  7.6
Fighting       | 4 |  4.3
Invocations    | 1 2 3 5 6 |  6.8
Armour         | |  3.6
Shields        | |  3.6

Action                   |  1- 3 |  4- 6 |  7- 9 || total
-------------------------+-------+-------+-------++-------
Melee: War axe           |    71 |    77 |    34 ||   182
       Headbutt          |     7 |    11 |     4 ||    22
Evoke: Wand              |       |       |     1 ||     1
  Use: Scroll            |       |     4 |       ||     4
       Potion            |       |       |     1 ||     1
 Stab: Paralysed         |       |     7 |     2 ||     9
Armor: Scale mail        |    26 |    51 |    11 ||    88
Dodge: Dodged            |    36 |    53 |    18 ||   107
Block: Buckler           |    11 |    28 |     5 ||    44

Table legend: (Time is in decaauts)
 A = Elapsed time spent in this place.
 B = Non-inter-level travel time spent in this place.
 C = Inter-level travel time spent in this place.
 D = Time resting spent in this place.
 E = Time spent auto-exploring this place.
 F = Levels seen in this place.
 G = Mean time per level.
                   A        B        C        D        E       F      G
               +--------+--------+--------+--------+--------+-----+--------+
         Total |   4448 |   4193 |    255 |     41 |   3581 |   6 |  741.3 |
       Dungeon |   3633 |   3378 |    255 |     41 |   2898 |   5 |  726.6 |
         Sewer |    815 |    815 |      0 |      0 |    682 |   1 |  815.0 |
               +--------+--------+--------+--------+--------+-----+--------+

Top non-repeatable levels by time:
     D:3: 1169 daAuts
     D:1: 908 daAuts
   Sewer: 815 daAuts
     D:2: 791 daAuts
     D:4: 748 daAuts
     D:5: 15 daAuts
